Map: 2000 Atmospheres LE

Players

Asuna

  • Race: Protoss Protoss

Neeb - Winner!

  • Race: Protoss Protoss

Event: DreamHack SC2 Masters 2021 Winter

VOD

Have the link to the VOD?

Description

Time

  • Played on: Oct. 15, 2021, 3:36 p.m.
  • Length: 11:49

All games in this series

Show
View Real Time Build Order
Export as new Build Order

Asuna Protoss 

Build Orders: Oracle Opening 

Get SALT Encoding   

  12  0:00  Probe  
  13  0:12  Probe  
  14  0:17  Pylon  
  14  0:25  Probe (Chrono Boost)  
  15  0:36  Gateway  
  15  0:37  Probe (Chrono Boost)  
  16  0:46  Assimilator, Probe (Chrono Boost)  
  17  0:51  Probe  
  17  0:55  Assimilator  
  18  1:03  Probe (Chrono Boost)  
  19  1:10  Gateway  
  19  1:15  Probe (Chrono Boost)  
  20  1:23  Probe (Chrono Boost)  
  20  1:25  Cybernetics Core  
  21  1:29  Probe  
  22  1:35  Pylon  
  22  1:42  Probe  
  23  1:54  Probe  
  24  2:02  Stargate  
  24  2:07  Adept x2  
  28  2:16  Pylon  
  28  2:17  Warp Gate  
  28  2:24  Probe  
  29  2:31  Pylon  
  29  2:44  Oracle (Chrono Boost)  
  29  2:50  Stalker  
  35  2:51  Probe  
  35  2:59  Stalker  
  35  3:03  Probe  
  38  3:15  Probe  
  35  3:27  Probe  
  35  3:33  Twilight Council  
  36  3:40  Pylon  
  36  3:45  Nexus  
  36  3:56  Probe  
  36  4:00  Pylon  
  37  4:10  Gateway, Dark Shrine  
  37  4:14  Probe  
  38  4:22  Blink (Chrono Boost), Shield Battery  
  38  4:31  Stalker  
  38  4:35  Stalker  
  42  4:38  Probe  
  43  4:51  Probe  
  44  4:57  Forge  
  44  5:00  Probe  
  44  5:03  Probe (Chrono Boost)  
  46  5:08  Stalker  
  46  5:12  Probe (Chrono Boost)  
  49  5:14  Assimilator  
  49  5:19  Stalker  
  49  5:21  Probe (Chrono Boost)  
  53  5:22  Probe (Chrono Boost)  
  53  5:27  Probe (Chrono Boost)  
  53  5:28  Probe (Chrono Boost)  
  54  5:32  Stalker  
  57  5:36  Stalker  
  57  5:37  Protoss Ground Weapons Level 1 (Chrono Boost)  
  57  5:38  Probe  
  57  5:39  Probe  
  61  5:50  Probe  
  61  5:53  Pylon  
  61  5:54  Probe  
  63  6:00  Dark Templar  
  65  6:06  Dark Templar  
  65  6:10  Pylon  
  67  6:14  Stalker  
  69  6:20  Nexus  
  69  6:34  Stalker  
  68  6:41  Stalker x2  
  68  6:47  Robotics Facility  
  72  6:50  Gateway  
  72  6:51  Charge (Chrono Boost)  
  72  6:52  Gateway  
  72  6:53  Probe  
  73  7:04  Stalker  
  73  7:06  Zealot  
  73  7:07  Zealot  
  75  7:29  Gateway  
  75  7:31  Shield Battery  
  75  7:32  Gateway  
  75  7:33  Sentry  
  75  7:34  Immortal (Chrono Boost), Zealot x2  
  85  7:50  Gateway, Pylon  
  85  7:52  Gateway  
  85  8:06  Warp Prism, Stalker  
  85  8:10  Dark Templar  
  85  8:12  Dark Templar  
  92  8:16  Probe x2  
  92  8:17  Archon  
  94  8:20  Gateway  
  94  8:25  Stalker  
  94  8:28  Zealot  
  94  8:32  Stalker  
  96  8:39  Stalker x2  
  96  8:45  Zealot x2  
  100  8:50  Stalker  
  106  9:07  Stalker  
  108  9:11  Pylon  
  108  9:13  Pylon  
  104  9:18  Stalker x2  
  104  9:23  Pylon  
  108  9:25  Pylon  
  108  9:34  Observer (Chrono Boost)  
  109  9:44  Stalker x4  
  109  9:45  Stalker x2  
  121  9:46  Zealot x3  
  94  10:10  Stalker  
  94  10:11  Stalker x4  
  94  10:12  Zealot x3  
  94  10:18  Probe x3  
  79  10:30  Probe x3  
  77  10:35  Stalker  
  77  10:36  Stalker x2  
  77  10:42  Warp Prism (Chrono Boost)  
  81  10:53  Stalker x2  
  81  10:56  Stalker  
  74  11:11  Observer  
  72  11:22  Stalker x3  
  72  11:23  Stalker, Zealot x3  
Show
View Real Time Build Order
Export as new Build Order

Neeb Protoss - Winner!

Build Orders: Phoenix Opening 

Get SALT Encoding   

  12  0:00  Probe  
  13  0:12  Probe  
  14  0:18  Pylon  
  14  0:24  Probe  
  15  0:36  Probe (Chrono Boost)  
  15  0:37  Gateway  
  16  0:44  Assimilator  
  16  0:47  Probe (Chrono Boost)  
  17  0:52  Probe (Chrono Boost)  
  18  0:58  Assimilator  
  18  1:03  Probe  
  19  1:10  Gateway  
  19  1:15  Probe (Chrono Boost)  
  20  1:25  Cybernetics Core  
  21  1:26  Probe (Chrono Boost)  
  21  1:30  Probe (Chrono Boost)  
  22  1:35  Pylon  
  22  1:41  Probe  
  23  1:54  Probe  
  26  2:01  Stalker, Sentry  
  26  2:02  Warp Gate (Chrono Boost)  
  26  2:06  Probe  
  29  2:12  Pylon  
  29  2:19  Pylon  
  29  2:29  Sentry  
  31  2:38  Stalker  
  31  2:42  Shield Battery  
  33  2:55  Nexus  
  33  3:00  Sentry  
  35  3:08  Stalker  
  35  3:10  Probe  
  36  3:22  Phoenix, Probe  
  36  3:25  Twilight Council  
  37  3:29  Pylon  
  36  3:34  Probe  
  37  3:41  Pylon  
  37  3:46  Stalker  
  39  3:58  Shield Battery  
  39  3:59  Probe  
  39  4:02  Blink (Chrono Boost)  
  40  4:09  Probe  
  41  4:11  Probe  
  42  4:21  Probe  
  43  4:24  Probe (Chrono Boost)  
  43  4:29  Stalker  
  45  4:34  Probe (Chrono Boost)  
  47  4:42  Robotics Facility, Probe (Chrono Boost)  
  47  4:43  Probe (Chrono Boost)  
  48  4:46  Pylon  
  48  4:48  Probe x2 (Chrono Boost)  
  49  4:55  Stalker  
  49  4:59  Assimilator  
  51  5:00  Probe x2  
  51  5:07  Phoenix  
  53  5:12  Probe x2  
  55  5:17  Forge  
  55  5:19  Gateway  
  55  5:22  Gateway  
  55  5:24  Probe  
  55  5:25  Probe  
  57  5:29  Observer  
  57  5:30  Stalker  
  57  5:32  Phoenix  
  60  5:35  Stalker  
  60  5:36  Probe  
  60  5:38  Probe  
  64  5:46  Protoss Ground Weapons Level 1 (Chrono Boost)  
  64  5:48  Probe  
  64  5:49  Pylon  
  65  5:56  Probe  
  66  6:01  Immortal (Chrono Boost)  
  70  6:16  Stalker x3  
  76  6:19  Pylon  
  76  6:21  Pylon  
  76  6:27  Pylon  
  76  6:30  Photon Cannon  
  76  6:37  Warp Prism (Chrono Boost)  
  76  6:43  Stalker x2  
  82  6:55  Nexus  
  82  6:59  Stalker  
  84  7:08  Photon Cannon, Pylon  
  84  7:09  Observer  
  84  7:13  Stalker  
  83  7:24  Probe  
  83  7:25  Stalker x3  
  90  7:33  Probe  
  91  7:41  Nexus, Probe  
  91  7:44  Pylon  
  92  7:48  Observer  
  92  7:49  Stalker x3  
  98  7:57  Probe  
  98  7:58  Probe  
  100  8:02  Stalker  
  102  8:10  Probe  
  103  8:12  Pylon  
  103  8:13  Pylon  
  103  8:17  Gateway  
  103  8:19  Gateway  
  103  8:23  Stalker x3  
  103  8:25  Protoss Ground Weapons Level 2 (Chrono Boost)  
  109  8:27  Probe  
  109  8:33  Charge  
  110  8:44  Probe x2  
  110  8:52  Shield Battery  
  110  8:53  Shield Battery  
  110  8:56  Probe  
  110  8:58  Zealot x2, Templar Archives  
  115  9:10  Zealot  
  115  9:11  Zealot  
  119  9:17  Zealot x2, Assimilator  
  123  9:27  Zealot  
  123  9:30  Pylon  
  119  9:32  Pylon  
  119  9:35  Zealot, High Templar x2  
  125  9:39  Archon  
  125  9:42  Gateway  
  125  9:43  Gateway  
  125  9:45  Zealot  
  125  9:46  Zealot  
  125  9:50  Pylon  
  125  9:53  Zealot  
  110  10:01  Zealot  
  110  10:02  Immortal  
  95  10:09  Zealot x4  
  95  10:13  Zealot  
  84  10:15  Probe x2 (Chrono Boost)  
  84  10:17  Probe (Chrono Boost)  
  80  10:26  Probe x2 (Chrono Boost)  
  80  10:27  Probe (Chrono Boost)  
  77  10:31  Dark Shrine  
  71  10:43  Zealot x4, High Templar x2  
  71  10:48  Archon  
  83  10:52  Probe x2  
  83  10:53  Probe  
  83  10:56  Stalker x2  
  90  11:07  Zealot x3  
  92  11:16  Zealot x3  
  92  11:18  Observer  
  95  11:28  Zealot x3, High Templar x2  
  105  11:34  Archon  
  105  11:44  Zealot x3  

Tags
 
Add a new tag
Caveats
  • Supply blocks, unpowered buildings, or Contaminate may cause inaccurate times.
  • Supply counts are checked every 10 seconds.